[Event "Late-Titled-Tuesday-Blitz-June-18-2024"]
[Site "Chess.com"]
[Date "2024.06.18"]
[Round "5"]
[White "subham777"]
[Black "dretch"]
[Result "0-1"]
[WhiteElo "2623"]
[BlackElo "2842"]
[TimeControl "180+1"]
[EndTime "14:57:17 PDT"]
[Termination "dretch won on time"]

1. e4 e6 2. Nf3 d5 3. Nc3 Nf6 4. e5 Nfd7 5. d4 c5 6. dxc5 Nc6 7. Bf4 Bxc5 8. Bd3 f6 9. exf6 Nxf6 10. Qe2 O-O 11. O-O-O Nh5 12. Bg3 Nf4 13. Bxf4 Rxf4 14. Kb1 Qf6 15. h4 Bd7 16. Rh3 Bb4 17. Rg3 Bxc3 18. bxc3 Kh8 19. Nd2 Rxf2 20. Qh5 h6 21.
Rg6 Qf8 22. Nf3 Be8 23. Re1 Rxg2 24. Rexe6 Bxg6 25. Rxg6 Rxg6 26. Qxg6 Qg8 27. Ng5 Ne5 28. Qf5 Re8 29. Bb5 Re7 30. Nh3 a6 31. Ba4 Nc4 0-1

[Event "Late-Titled-Tuesday-Blitz-June-18-2024"]
[Site "Chess.com"]
[Date "2024.06.18"]
[Round "5"]
[White "ameetghasi100"]
[Black "Patricius007"]
[Result "1-0"]
[WhiteElo "2756"]
[BlackElo "2558"]
[TimeControl "180+1"]
[EndTime "14:57:18 PDT"]
[Termination "ameetghasi100 won by checkmate"]

1. c4 e6 2. Nc3 d5 3. d4 c5 4. cxd5 exd5 5. Nf3 Nf6 6. e3 c4 7. g3 Bb4 8. Bg2 O-O 9. O-O Be6 10. Ne2 Nbd7 11.
Nf4 b5 12. Ng5 Qe7 13. Ngxe6 fxe6 14. Bh3 e5 15. Ne6 Rfc8 16. a4 a6 17. axb5 axb5 18. Rxa8 Rxa8 19. e4 Nxe4 20. Nc7 Ra7 21. Nxd5 Qd6 22.
Nxb4 Qxb4 23. Be6+ Kh8 24. dxe5 Qe7 25. Bf5 Nec5 26. e6 Nxe6 27. Re1 Ndf8 28. Qd5 Qb4 29. Bd2 Qxb2 30. Bxe6 c3 31. Qc5 Nxe6 32. Qc8+ Nf8 33. Qxf8# 1-0

[Event "Late-Titled-Tuesday-Blitz-June-18-2024"]
[Site "Chess.com"]
[Date "2024.06.18"]
[Round "5"]
[White "nindjaxx8"]
[Black "HalfIsCrayfish"]
[Result "0-1"]
[WhiteElo "2719"]
[BlackElo "2573"]
[TimeControl "180+1"]
[EndTime "14:57:18 PDT"]
[Termination "HalfIsCrayfish won by resignation"]

1. d4 Nf6 2. c4 g6 3. Nc3 d5 4. cxd5 Nxd5 5. e4 Nxc3 6. bxc3 Bg7 7. Be3 c5 8. Rc1 cxd4 9. cxd4 Qa5+ 10. Qd2 Qxd2+ 11.
Kxd2 O-O 12. Nf3 Rd8 13. Bb5 Nc6 14. Bd3 Nxd4 15. Nxd4 Bxd4 16. Bxd4 Rxd4 17. Ke3 Rd8 18. Rc7 Kf8 19. h4 Be6 20. h5 Rac8 21. Rxc8 Rxc8 22. hxg6 hxg6 23. Rh8+ Kg7 24. Rxc8 Bxc8 25. a3 e5 26. g3 f6 27. Bc4 Kf8 28. Bd5 Ke7 29. f4 Kd6 30.
Kd3 Kc5 31. Kc3 b5 32. Bf7 g5 33. fxg5 fxg5 34. Bd5 a5 35. Kd3 b4 36. axb4+ Kxb4 37. Kc2 a4 38. Kb2 a3+ 39. Ka1 Ba6 40. Ba8 Bc4 41.
Kb1 Kc3 42. Ka1 Kd4 43. Bb7 Ke3 44. Bd5 Bd3 45. Ka2 Bxe4 46. Bc4 Kf3 47. Kxa3 Kxg3 48. Kb4 Kf4 49. Kc5 g4 50. Bf1 g3 0-1

[Event "Late-Titled-Tuesday-Blitz-June-18-2024"]
[Site "Chess.com"]
[Date "2024.06.18"]
[Round "5"]
[White "CrushingKings"]
[Black "safikiet"]
[Result "1-0"]
[WhiteElo "2636"]
[BlackElo "2448"]
[TimeControl "180+1"]
[EndTime "14:57:18 PDT"]
[Termination "CrushingKings won on time"]

1. e4 d5 2. exd5 Qxd5 3. Nc3 Qd8 4. Bc4 Nf6 5. Nge2 g6 6. O-O Bg7 7. d3 O-O 8. f4 e6 9. h3 a6 10. a4 Nc6 11. Be3 b6 12. Bf2 Bb7 13. Bh4 Ne7 14.
Ng3 Qd7 15. Qe2 Nfd5 16. Nge4 Nf5 17. Bxd5 exd5 18. Nf6+ Bxf6 19. Bxf6 Ng3 20. Qf2 Nxf1 21. Rxf1 c5 22. Qh4 Qc6 23. Rf2 Rfe8 24. Nxd5 Qd6 25. Ne7+ Rxe7 26. Bxe7 Qe6 27. Bf6 Re8 28. Be5 Qf5 29.
Bc3 b5 30. axb5 axb5 31. b3 b4 32. Be5 Bd5 33. Kh2 1-0

[Event "Late-Titled-Tuesday-Blitz-June-18-2024"]
[Site "Chess.com"]
[Date "2024.06.18"]
[Round "5"]
[White "Connectedcloud"]
[Black "xasid81"]
[Result "0-1"]
[WhiteElo "2340"]
[BlackElo "2565"]
[TimeControl "180+1"]
[EndTime "14:57:18 PDT"]
[Termination "xasid81 won by resignation"]

1. Nf3 d5 2. e3 e6 3. c4 Nf6 4. b3 c5 5. Bb2 Nc6 6. d4 cxd4 7. exd4 Bb4+ 8. Nbd2 Ne4 9. a3 Bd6 10. Bd3 f5 11. O-O O-O 12. b4 Bd7 13. cxd5 exd5 14. Qb3 Nf6 15. Ne5 Be6 16. Rac1 Bxe5 17. dxe5 Nd7 18.
Rfe1 Rc8 19. Nf3 Qe7 20. Qa4 Nb6 21. Qb3 Nc4 22. Nd4 Nxd4 23. Bxd4 b6 24. Bxc4 dxc4 25. Qg3 f4 26. Qc3 f3 27. Re3 Qg5 28. g3 Qg4 29.
Rce1 Rcd8 30. Rd1 Qh3 31. Rxf3 Rxf3 32. Qxf3 Bd5 33. Bxb6 Bxf3 34. Rxd8+ Kf7 0-1

[Event "Late-Titled-Tuesday-Blitz-June-18-2024"]
[Site "Chess.com"]
[Date "2024.06.18"]
[Round "5"]
[White "NovakRatko"]
[Black "aexmi"]
[Result "1-0"]
[WhiteElo "2413"]
[BlackElo "2278"]
[TimeControl "180+1"]
[EndTime "14:57:18 PDT"]
[Termination "NovakRatko won on time"]

1. d4 d5 2. c4 e6 3. cxd5 exd5 4. Nc3 c6 5. f3 Bd6 6. g3 Nf6 7. e4 dxe4 8. fxe4 Bc7 9. Nf3 O-O 10. Bg5 h6 11.
Bh4 g5 12. Nxg5 hxg5 13. Bxg5 Nbd7 14. e5 Qe8 15. Be2 Nh7 16. Bh6 Qe6 17. Bxf8 Ndxf8 18. O-O Ng6 19. Ne4 Bb6 20. Qd2 Qxe5 21. Nc5 Bxc5 22. dxc5 Qxc5+ 23. Kh1 Be6 24. b4 Qd5+ 25. Qxd5 Bxd5+ 26. Bf3 Bxf3+ 27. Rxf3 Rd8 28. Re1 Ng5 29. Rfe3 Kg7 30.
h4 Ne6 31. h5 Ne7 32. a3 Nd5 33. Re5 Kf6 34. Kh2 Rh8 35. g4 Rg8 36. Rf5+ Ke7 37.
Kg3 Rg5 38. Rf3 Rg8 39. Ref1 Rg7 40. Kh4 Ndc7 41. h6 Rh7 42. g5 Ne8 43. Kh5 Nf8 44.
Re1+ Kd7 45. Rd3+ Nd6 46. Red1 1-0

[Event "Late-Titled-Tuesday-Blitz-June-18-2024"]
[Site "Chess.com"]
[Date "2024.06.18"]
[Round "5"]
[White "esrosenberg"]
[Black "Pachonpower"]
[Result "1/2-1/2"]
[WhiteElo "2323"]
[BlackElo "2431"]
[TimeControl "180+1"]
[EndTime "14:57:20 PDT"]
[Termination "Game drawn by repetition"]

1. e4 c5 2. Nc3 Nc6 3. f4 d6 4. Nf3 Bg4 5. Bb5 g6 6. Bxc6+ bxc6 7. d3 Bg7 8. O-O Nf6 9. Qe1 O-O 10. Qh4 Be6 11. f5 Bd7 12. Bh6 Qb6 13. Ng5 c4+ 14. Kh1 Qxb2 15. Bxg7 Kxg7 16. fxg6 h6 17. Nxf7 Rxf7 18.
gxf7 Qxc3 19. Rab1 Qxc2 20. Rb7 Qxd3 21. Qf2 Qxe4 22.
Rxd7 Nxd7 23. Qg3+ Kh7 24. Re1 Qf5 25. h3 e5 26. Qh4 Qxf7 27. Kg1 Rf8 28. Rb1 Nb6 29. a4 Nxa4 30. Qe4+ Kh8 31. Qxc6 Qf2+ 32. Kh1 Nb6 33. Qxd6 e4 34. Qxh6+ Kg8 35. Qg6+ Kh8 36.
Qh6+ Kg8 37. Qg6+ Kh8 38. Qh6+ 1/2-1/2

[Event "Late-Titled-Tuesday-Blitz-June-18-2024"]
[Site "Chess.com"]
[Date "2024.06.18"]
[Round "5"]
[White "topin8"]
[Black "traviscottofficial"]
[Result "0-1"]
[WhiteElo "2523"]
[BlackElo "2763"]
[TimeControl "180+1"]
[EndTime "14:57:21 PDT"]
[Termination "traviscottofficial won on time"]

1. e4 c6 2. d4 d5 3. e5 c5 4.
dxc5 Nc6 5. Nf3 Bg4 6. Bb5 e6 7. Be3 Ne7 8. b4 Ng6 9. Qd4 Bf5 10. Qb2 Be7 11. Nd4 O-O 12. Bxc6 bxc6 13. Nxc6 Qc7 14.
Nxe7+ Qxe7 15. Nd2 Rfd8 16. Nf3 Be4 17. Bg5 Qc7 18.
Bxd8 Rxd8 19. O-O-O Bxf3 20. gxf3 Nxe5 21. Rhg1 g6 22.
f4 Nf3 23. Rg4 h5 24. Rg3 Qxf4+ 25. Kb1 Ne5 26. Qd4 Qf5 27. b5 Rb8 28. Rb3 Nc4 29.
c6 Nb6 30. a4 e5 31. Qb4 Qxf2 32. a5 Nc4 33. Rxd5 Ne3 34. Rdd3 Qxc2+ 35. Ka1 Qc1+ 36.
Ka2 Nc2 37. Rb1 Nxb4+ 38. Rxb4 Qc2+ 0-1

[Event "Late-Titled-Tuesday-Blitz-June-18-2024"]
[Site "Chess.com"]
[Date "2024.06.18"]
[Round "5"]
[White "JAN2404"]
[Black "PNEPaul"]
[Result "1-0"]
[WhiteElo "2078"]
[BlackElo "1971"]
[TimeControl "180+1"]
[EndTime "14:57:21 PDT"]
[Termination "JAN2404 won on time"]

1. e4 e5 2. Nc3 Nc6 3. Bc4 Be7 4.
d3 Nf6 5. f4 Bc5 6. Nf3 d6 7. h3 O-O 8. fxe5 dxe5 9. Bg5 h6 10.
Bh4 g5 11. Bg3 Nh5 12. Bxe5 Nxe5 13. Nxe5 Qd4 14. Qxh5 Qxe5 15. O-O-O Kg7 16. h4 c6 17. Rdf1 Be6 18. Ne2 Be3+ 19. Kb1 Bxc4 20. dxc4 Qxe4 21. hxg5 Bxg5 22. Ng3 Qg6 23. Nf5+ Kh7 24. Qh3 1-0

[Event "Late-Titled-Tuesday-Blitz-June-18-2024"]
[Site "Chess.com"]
[Date "2024.06.18"]
[Round "5"]
[White "Artem_Koval"]
[Black "osielchesslover2011"]
[Result "1-0"]
[WhiteElo "2560"]
[BlackElo "2189"]
[TimeControl "180+1"]
[EndTime "14:57:22 PDT"]
[Termination "Artem_Koval won by resignation"]

1. d4 Nf6 2. c4 g6 3. Nc3 Bg7 4.
e4 d6 5. g3 O-O 6. Bg2 e5 7. Nf3 Re8 8. Kf1 exd4 9. Nxd4 Nc6 10. h3 Nxd4 11. Qxd4 Nxe4 12. Qd3 Nxc3 13. bxc3 Bf5 14.
Qf3 Be4 15. Qd1 Bxc3 16. Bh6 Qf6 17. Rc1 Bb2 18. Rb1 Bxb1 19. Qxb1 Bc3 20. Be4 Qd4 21. f3 Qxc4+ 22. Bd3 Qd4 23. Kg2 Qb4 24. Qd1 Qb2+ 25. Bc2 Re6 26. h4 Rae8 27. Kh3 Re1 28. Rxe1 Rxe1 29.
Qd3 Rh1+ 30. Kg2 Rc1 31. Bxc1 Qxc1 32. Qxc3 Qh6 33. f4 c6 34. Qe3 Qf8 35. h5 Qe7 36. Qxe7 1-0

[Event "Late-Titled-Tuesday-Blitz-June-18-2024"]
[Site "Chess.com"]
[Date "2024.06.18"]
[Round "5"]
[White "SpeedofLight0"]
[Black "Bykov_Egor"]
[Result "1-0"]
[WhiteElo "3032"]
[BlackElo "2656"]
[TimeControl "180+1"]
[EndTime "14:57:23 PDT"]
[Termination "SpeedofLight0 won by resignation"]

1. c4 Nf6 2. Nc3 e6 3. e4 c5 4. Nf3 Nc6 5. d4 cxd4 6. Nxd4 Bb4 7. Qd3 Qb6 8. Nb3 Ne5 9. Qg3 Ng6 10. Bd3 e5 11.
O-O Bxc3 12. bxc3 d6 13. Be3 Qc6 14. c5 h5 15. h3 h4 16. Qf3 d5 17. exd5 Qxd5 18.
Qxd5 Nxd5 19. Bxg6 fxg6 20. Rfe1 Kf7 21. Bg5 Re8 22.
Rac1 Nf4 23. Rcd1 Be6 24. Rxe5 Bxb3 25. Rd7+ Kg8 26. Rxe8+ Rxe8 27. axb3 Ne2+ 28. Kh2 Nxc3 29. Rxb7 Ne4 30. Be3 Rc8 31. Bd4 Nxc5 32. Rxg7+ Kf8 33. Rh7 Rc6 34. b4 Nd3 35. b5 Rc2 36. Bxa7 Nxf2 37. Bxf2 Rxf2 38. b6 Rb2 39. b7 1-0

[Event "Late-Titled-Tuesday-Blitz-June-18-2024"]
[Site "Chess.com"]
[Date "2024.06.18"]
[Round "5"]
[White "Sanan_Sjugirov"]
[Black "Dr_troll"]
[Result "1-0"]
[WhiteElo "2957"]
[BlackElo "2652"]
[TimeControl "180+1"]
[EndTime "14:57:23 PDT"]
[Termination "Sanan_Sjugirov won on time"]

1. d4 Nf6 2. Bg5 c5 3. d5 e6 4.
Nc3 d6 5. e4 Be7 6. Bb5+ Nbd7 7. dxe6 fxe6 8. Nf3 O-O 9. O-O a6 10. Bc4 Ne5 11. Nxe5 dxe5 12. a4 Qd4 13. Qe2 Qd6 14.
Rfd1 Qc7 15. a5 Bd7 16. Rd3 Rad8 17. h3 Bc8 18. Rxd8 Rxd8 19. b3 h6 20. Be3 Ne8 21. Nb1 Nd6 22. Nd2 Qc6 23. Bd3 Nb5 24. Nc4 Nd4 25. Bxd4 exd4 26. e5 Rf8 27. Be4 Qe8 28. Qg4 Qf7 29. Rf1 Bd7 30. f4 g5 31. Rf3 Qg7 32. f5 exf5 33. Bxf5 Bxf5 34. Rxf5 Rxf5 35. Qxf5 Bf8 36. e6 Qc7 37. Ne5 Bg7 38. Ng6 Qg3 39. e7 Qe3+ 40. Kh2 g4 41. hxg4 h5 42. gxh5 Bh6 43.
Qc8+ Kf7 44. Qf8+ 1-0

[Event "Late-Titled-Tuesday-Blitz-June-18-2024"]
[Site "Chess.com"]
[Date "2024.06.18"]
[Round "5"]
[White "Mikhal867"]
[Black "EmmaChess"]
[Result "0-1"]
[WhiteElo "2449"]
[BlackElo "2637"]
[TimeControl "180+1"]
[EndTime "14:57:25 PDT"]
[Termination "EmmaChess won on time"]

1. c4 g6 2. d4 Bg7 3. e4 d6 4. Nc3 e5 5. d5 a5 6. h4 Na6 7. h5 Bh6 8. Bxh6 Nxh6 9. Qd2 g5 10.
O-O-O Nc5 11. f3 f5 12. Bd3 f4 13. g3 fxg3 14. Nge2 Qf6 15. Qe3 Bd7 16. Nxg3 Qf4 17. Qxf4 gxf4 18. Nge2 Kf7 19. Kd2 Rhg8 20. Rdg1 c6 21.
dxc6 bxc6 22. a3 Rab8 23. Kc2 Rxg1 24. Rxg1 Nxd3 25. Kxd3 Rxb2 26. c5 d5 27. Rb1 dxe4+ 28. fxe4 Rxb1 29. Nxb1 Bg4 30. Nec3 f3 31. Nd2 Bxh5 32.
Ke3 Kf6 33. Nc4 Kg5 34. Nxe5 Ng4+ 35. Nxg4 Bxg4 36. Na4 h5 37. Nb2 h4 38. Kf2 Kf4 39. Nc4 h3 40. e5 h2 0-1

[Event "Late-Titled-Tuesday-Blitz-June-18-2024"]
[Site "Chess.com"]
[Date "2024.06.18"]
[Round "5"]
[White "jero888"]
[Black "WindWhistler11"]
[Result "0-1"]
[WhiteElo "2333"]
[BlackElo "2513"]
[TimeControl "180+1"]
[EndTime "14:57:26 PDT"]
[Termination "WindWhistler11 won by checkmate"]

1. e4 e6 2. d4 d5 3. Nd2 Nc6 4.
Ngf3 Nf6 5. e5 Nd7 6. Be2 f6 7. Nf1 fxe5 8. dxe5 Ndxe5 9. Nxe5 Nxe5 10. Bh5+ g6 11.
Bf4 Nf7 12. Be2 Bg7 13. c3 e5 14. Bg3 O-O 15. h4 Bf5 16. Ne3 Be6 17. h5 Ng5 18. hxg6 hxg6 19. Qc2 Ne4 20. Bh4 Bf6 21. Bxf6 Qxf6 22.
Bf3 Rad8 23. O-O-O Nxf2 24. Qxf2 e4 25. Qg3 exf3 26.
Qxc7 Rd7 27. Qh2 f2 28. Kb1 Bf5+ 29. Ka1 Be4 30. Ng4 Qg5 31. Qh8+ Kf7 32. Rh7+ Ke8 33. Qxf8+ Kxf8 34. Rxd7 Qxg4 35. Rxb7 Qxd1# 0-1

[Event "Late-Titled-Tuesday-Blitz-June-18-2024"]
[Site "Chess.com"]
[Date "2024.06.18"]
[Round "5"]
[White "pouya21"]
[Black "BerlinDrawer"]
[Result "1-0"]
[WhiteElo "2815"]
[BlackElo "2577"]
[TimeControl "180+1"]
[EndTime "14:57:27 PDT"]
[Termination "pouya21 won by resignation"]

1. d4 Nf6 2. c4 e6 3. Nf3 d5 4. g3 Bb4+ 5. Bd2 Be7 6. Bg2 O-O 7. O-O c6 8. Na3 Nbd7 9. Rc1 Ne4 10. Be3 f5 11. Ne1 Bg5 12. Bxg5 Nxg5 13. Nd3 Qe7 14. Nb1 h6 15. Nd2 Ne4 16. Nf3 g5 17. Nfe5 Qg7 18.
f3 Nef6 19. b4 dxc4 20. Nxc4 Nd5 21. Nde5 Nxb4 22. Qb3 Nd5 23. e4 N5f6 24. exf5 Nxe5 25. dxe5 Nd5 26. f6 Qc7 27. f4 a5 28. Kh1 a4 29. Qd3 Kh8 30. fxg5 hxg5 31. f7 Rxf7 32.
Qg6 Rxf1+ 33. Rxf1 Qd8 34. Rf7 1-0

[Event "Late-Titled-Tuesday-Blitz-June-18-2024"]
[Site "Chess.com"]
[Date "2024.06.18"]
[Round "5"]
[White "Crazy_girl99"]
[Black "YouShallNotPass001"]
[Result "1-0"]
[WhiteElo "2623"]
[BlackElo "2433"]
[TimeControl "180+1"]
[EndTime "14:57:29 PDT"]
[Termination "Crazy_girl99 won by resignation"]

1. e4 Nf6 2. e5 Ne4 3. d3 Nc5 4. Be3 e6 5. d4 Nca6 6. Nf3 d6 7. Bd3 dxe5 8. Nxe5 Nb4 9. Be4 Nd5 10. O-O Nf6 11. Bf3 Be7 12. c4 O-O 13. Nc3 Nbd7 14. Qc2 c5 15. Rad1 cxd4 16. Bxd4 a6 17. Rfe1 Qc7 18. b3 Bc5 19. Nxd7 Nxd7 20. Ne4 Bxd4 21. Rxd4 h6 22. Ng3 Ne5 23. Be4 Bd7 24. Qe2 Nc6 25.
Rd2 Rae8 26. Bb1 Bc8 27. Nh5 e5 28. Qf3 f5 29. Ng3 e4 30. Qh5 Ne5 31. Rd5 Be6 32.
Rdd1 Ng4 33. h3 Nf6 34. Qg6 Qf7 35. Qxf7+ Kxf7 36. Ne2 Rd8 37. Nd4 Bc8 38. Bc2 Rfe8 39. g3 g5 40. b4 f4 41. g4 h5 42. gxh5 Bxh3 43. c5 Bg4 44. Bb3+ Kg7 45. Rd2 Bxh5 46. Ne6+ Rxe6 47. Rxd8 g4 48. Bxe6 1-0

[Event "Late-Titled-Tuesday-Blitz-June-18-2024"]
[Site "Chess.com"]
[Date "2024.06.18"]
[Round "5"]
[White "MarcoRiehle"]
[Black "reevecanada"]
[Result "0-1"]
[WhiteElo "2793"]
[BlackElo "2630"]
[TimeControl "180+1"]
[EndTime "14:57:30 PDT"]
[Termination "reevecanada won by resignation"]

1. e4 c5 2. a3 b6 3. b4 Bb7 4.
d3 e6 5. c3 d5 6. e5 Nc6 7. f4 f6 8. Nf3 Nge7 9. d4 cxd4 10.
cxd4 h5 11. Bd3 fxe5 12. fxe5 Nf5 13. Bxf5 exf5 14. Bg5 Be7 15. Bxe7 Qxe7 16. O-O g5 17. Nc3 O-O-O 18. Nb5 Kb8 19. Nd6 Rhf8 20. Rc1 g4 21.
Ne1 f4 22. b5 Na5 23. Nd3 f3 24. Nb4 Nc4 25. Nxb7 Kxb7 26. Nc6 Qxa3 27. Nxd8+ Rxd8 28. Qc2 Qe3+ 29. Rf2 Rd7 30. Rd1 Rg7 31. Qf5 Nd2 32.
g3 Ne4 33. Rf1 Nxf2 34. Rxf2 Rc7 35. Qb1 Rc1+ 36. Qxc1 Qxc1+ 37. Rf1 Qe3+ 38. Rf2 Qxd4 39. e6 Qa1+ 40. Rf1 Qe5 41. e7 Qxe7 42. h4 d4 43. Rf2 d3 44. Kh2 Qe3 45. Kg1 d2 46.
Kh2 Qxf2+ 0-1

[Event "Late-Titled-Tuesday-Blitz-June-18-2024"]
[Site "Chess.com"]
[Date "2024.06.18"]
[Round "5"]
[White "lluiss"]
[Black "cristiano78"]
[Result "0-1"]
[WhiteElo "2265"]
[BlackElo "2232"]
[TimeControl "180+1"]
[EndTime "14:57:30 PDT"]
[Termination "cristiano78 won by resignation"]

1. Nf3 Nf6 2. d4 g6 3. g3 Bg7 4.
Bg2 O-O 5. O-O d6 6. c4 Nc6 7. Nc3 Bf5 8. Nh4 Bd7 9. h3 e5 10. Nf3 Qc8 11. Kh2 exd4 12. Nb5 Ne8 13. Nbxd4 Nxd4 14. Nxd4 a6 15. Rb1 f5 16. Nf3 Nf6 17. Be3 h6 18. Bd4 Kh7 19. b3 Bc6 20. Nh4 Bxg2 21.
Kxg2 Qe6 22. Qd3 Rae8 23. e3 Qe4+ 24. Qxe4 Nxe4 25. Bxg7 Kxg7 26. Nf3 g5 27. Rfe1 g4 28. Nd4 gxh3+ 29. Kg1 c5 30. Nf3 Ng5 31. Nh4 Re4 32. Rbd1 Rxh4 33. gxh4 Nf3+ 34. Kh1 Nxe1 35. Rxe1 Kf6 36.
Kh2 Ke5 37. Rd1 f4 38. Kxh3 fxe3 39. fxe3 Rf3+ 40. Kg4 Rxe3 41. Rd2 Re4+ 42. Kh5 b5 43. cxb5 axb5 44. Kxh6 Rxh4+ 45. Kg5 Rd4 46. Re2+ Kd5 47.
Kf5 c4 48. bxc4+ bxc4 49. a4 c3 50. Ra2 Rc4 51. Rc2 Kd4 52. a5 Ra4 53. Ke6 Kd3 54.
Rc1 0-1

[Event "Late-Titled-Tuesday-Blitz-June-18-2024"]
[Site "Chess.com"]
[Date "2024.06.18"]
[Round "5"]
[White "ploxoi"]
[Black "ellatambien"]
[Result "0-1"]
[WhiteElo "2516"]
[BlackElo "2713"]
[TimeControl "180+1"]
[EndTime "14:57:31 PDT"]
[Termination "ellatambien won by resignation"]

1. d4 d5 2. c4 e6 3. Nf3 Nf6 4.
g3 Nc6 5. Bg2 Bd6 6. O-O O-O 7.
Nc3 dxc4 8. Qa4 e5 9. dxe5 Nxe5 10. Nxe5 Bxe5 11. Qxc4 c6 12. Rd1 Qe7 13. Bg5 h6 14. Be3 Be6 15. Qc5 Qxc5 16. Bxc5 Rfd8 17. Be7 Rxd1+ 18.
Rxd1 Bxc3 19. bxc3 Bxa2 20. Rd2 Be6 21. Rb2 Rb8 22.
Bxc6 b6 23. Bf3 Rc8 24. Rc2 Nd7 25. Bb7 Rc7 26. Bf3 Nc5 27. Bd6 Rc8 28. Rc1 Nb3 29. Rc2 a5 30. e3 a4 31. Be2 Na5 32. Ba6 Rc6 33. Bb4 Bb3 34. Rd2 Nc4 35. Rd8+ Kh7 36. Bb5 Re6 37. Rc8 Nd6 38. Bd7 Re7 39. Bc6 Nxc8 0-1

[Event "Late-Titled-Tuesday-Blitz-June-18-2024"]
[Site "Chess.com"]
[Date "2024.06.18"]
[Round "5"]
[White "bazar-wokzal"]
[Black "rionelG"]
[Result "1-0"]
[WhiteElo "2590"]
[BlackElo "2349"]
[TimeControl "180+1"]
[EndTime "14:57:31 PDT"]
[Termination "bazar-wokzal won by resignation"]

1. e4 c5 2. c3 d5 3. exd5 Qxd5 4. d4 Nc6 5. Nf3 Nf6 6. Be3 cxd4 7. cxd4 e6 8. a3 Be7 9. Nc3 Qd6 10. Qc2 O-O 11.
Bd3 b6 12. Ne4 Nxe4 13. Bxe4 Bb7 14. Bxh7+ Kh8 15. Be4 Rac8 16. Qe2 Nb4 17. Bxb7 Nc2+ 18. Kd2 Nxa1 19. Rxa1 Rc7 20. Ba6 b5 21. Bxb5 Rb8 22. b4 a5 23. Ne5 Bf6 24. Nc4 Qd5 25.
a4 Bxd4 26. Rd1 Rxb5 27. axb5 Rxc4 28. Ke1 axb4 29. b6 Bc3+ 30. Kf1 Qb5 31. b7 Be5 32.
Qh5+ Kg8 33. Rd8+ 1-0

[Event "Late-Titled-Tuesday-Blitz-June-18-2024"]
[Site "Chess.com"]
[Date "2024.06.18"]
[Round "5"]
[White "Sacbutt"]
[Black "A4RookA3"]
[Result "0-1"]
[WhiteElo "2308"]
[BlackElo "2431"]
[TimeControl "180+1"]
[EndTime "14:57:31 PDT"]
[Termination "A4RookA3 won by resignation"]

1. e4 c6 2. d4 d5 3. Nc3 dxe4 4. Nxe4 Nf6 5. Nxf6+ exf6 6. Nf3 Bd6 7. Bd3 O-O 8. O-O Bg4 9. h3 Bh5 10. Be3 Re8 11.
c4 Nd7 12. a3 Nf8 13. b4 a5 14. c5 Bc7 15. b5 Ne6 16. b6 Bb8 17. g4 Bg6 18.
Bxg6 hxg6 19. Qd2 f5 20. Qc3 Qd5 21. Ne1 fxg4 22. hxg4 f5 23. gxf5 gxf5 24. f3 Kf7 25.
Rd1 f4 26. Bc1 Rh8 27. Ng2 Ng5 28. Kf2 Qe6 29. Nxf4 Bxf4 30. Bxf4 Nh3+ 31. Kg3 Qg6+ 0-1

[Event "Late-Titled-Tuesday-Blitz-June-18-2024"]
[Site "Chess.com"]
[Date "2024.06.18"]
[Round "5"]
[White "Arteler"]
[Black "Jahonas"]
[Result "1-0"]
[WhiteElo "2222"]
[BlackElo "2388"]
[TimeControl "180+1"]
[EndTime "14:57:31 PDT"]
[Termination "Arteler won by resignation"]

1. Nf3 Nf6 2. c4 b6 3. d4 Bb7 4.
Nc3 Ne4 5. e3 e6 6. Bd3 Nxc3 7.
bxc3 Be7 8. O-O O-O 9. a4 Nc6 10. Qc2 h6 11. e4 Na5 12. Bf4 Ba6 13. Nd2 c5 14. d5 d6 15. Nb3 Nxb3 16. Qxb3 exd5 17.
exd5 Bg5 18. Bg3 Re8 19. a5 Rb8 20. axb6 Rxb6 21. Qc2 Qf6 22. Rfb1 Reb8 23. Rxb6 Rxb6 24. Re1 Qd8 25. h4 Bf6 26. Qe2 Rb8 27. Qe4 g6 28. h5 Bxc3 29. hxg6 Bxe1 30. gxf7+ Kf8 31. Qg6 Rb6 32.
Qg8+ Ke7 33. Bh4+ 1-0

[Event "Late-Titled-Tuesday-Blitz-June-18-2024"]
[Site "Chess.com"]
[Date "2024.06.18"]
[Round "5"]
[White "Oleksandr_Bortnyk"]
[Black "ChessLover0108"]
[Result "1-0"]
[WhiteElo "3066"]
[BlackElo "2935"]
[TimeControl "180+1"]
[EndTime "14:57:32 PDT"]
[Termination "Oleksandr_Bortnyk won by checkmate"]

1. e4 c5 2. Be2 Nc6 3. d3 d5 4. f4 Nf6 5. e5 Ng8 6. Nf3 Bf5 7. Be3 e6 8. c3 h5 9. Bf2 Be7 10. Na3 Nh6 11. h3 h4 12. Nc2 Bg6 13. O-O Nf5 14. Qd2 O-O 15. Rfd1 d4 16. Rac1 Qb6 17. Na3 Rad8 18.
Nc4 Qa6 19. Qe1 b5 20. Nd6 Nxd6 21. exd6 Rxd6 22. Nxh4 Bxh4 23. Bxh4 Qxa2 24. cxd4 Nxd4 25. Be7 Qxb2 26. Bg4 Rd5 27. Bxf8 Kxf8 28. Qa5 Bxd3 29. Rxc5 Be4 30. Rd2 Ne2+ 31. Rxe2 Qd4+ 32. Kh2 Rxc5 33. Rxe4 Qd6 34. Qxa7 f5 35. Bh5 Rc7 36. Qb8+ Ke7 37. Qe8+ Kf6 38. Qg6+ Ke7 39. Qf7+ Kd8 40. Qe8# 1-0

[Event "Late-Titled-Tuesday-Blitz-June-18-2024"]
[Site "Chess.com"]
[Date "2024.06.18"]
[Round "5"]
[White "secretworker2027"]
[Black "DanielNaroditsky"]
[Result "0-1"]
[WhiteElo "2672"]
[BlackElo "3137"]
[TimeControl "180+1"]
[EndTime "14:57:32 PDT"]
[Termination "DanielNaroditsky won by resignation"]

1. e4 c5 2. Nc3 e6 3. Nf3 Nc6 4. Bb5 Nge7 5. O-O Ng6 6. d4 cxd4 7. Nxd4 Qc7 8. Be3 a6 9. Be2 Be7 10. Qd2 O-O 11. Rad1 b5 12. a3 Bb7 13. f4 Rad8 14. Kh1 Nxd4 15. Qxd4 f5 16. Qb6 Qc8 17. e5 Nh4 18. Bf3 Nxf3 19. gxf3 Kh8 20. Rd2 Rg8 21. Rg2 Qa8 22. Rg3 d6 23. Bd4 Qc8 24. Rfg1 d5 25. Rh3 Qd7 26. Qa5 Rc8 27. Ne2 Rxc2 28.
Qe1 h6 29. Qg3 Qe8 30. Nc3 Kh7 31. b4 g5 32. Be3 Rxc3 33. fxg5 Rxe3 34. Rxh6+ Kg7 35.
Qh4 Rh8 36. Qf4 d4 0-1

[Event "Late-Titled-Tuesday-Blitz-June-18-2024"]
[Site "Chess.com"]
[Date "2024.06.18"]
[Round "5"]
[White "IMRosen"]
[Black "Cxrjs"]
[Result "1-0"]
[WhiteElo "2748"]
[BlackElo "2519"]
[TimeControl "180+1"]
[EndTime "14:57:32 PDT"]
[Termination "IMRosen won on time"]

1. e4 e5 2. Nf3 Nc6 3. Bc4 Bc5 4. d3 Nf6 5. a4 a5 6. O-O O-O 7.
Be3 Bxe3 8. fxe3 d5 9. exd5 Nxd5 10. Qe1 Qd6 11. Nc3 Ncb4 12. Bb3 Nxc3 13. Qxc3 Be6 14.
Bxe6 Qxe6 15. Nxe5 Nd5 16. Qd4 Rae8 17. Nc4 Nxe3 18.
Nxe3 Qxe3+ 19. Qxe3 Rxe3 20. Rae1 Rfe8 21. Rxe3 Rxe3 22. Kf2 Re5 23. Rd1 Kf8 24. Kf3 Ke7 25. d4 Rf5+ 26. Ke3 Kd6 27. Rd2 c5 28. Ke4 g6 29. g4 Rf1 30. d5 f5+ 31. gxf5 Rxf5 32. Ke3 Rxd5 33. Rf2 Re5+ 34. Kd3 Rf5 35. Re2 Rf4 36.
b3 h5 37. Rg2 Rf3+ 38. Ke4 Rf6 39. Rg5 b6 40. Rd5+ 1-0

[Event "Late-Titled-Tuesday-Blitz-June-18-2024"]
[Site "Chess.com"]
[Date "2024.06.18"]
[Round "5"]
[White "SHIVACalypso"]
[Black "JoakimVonAnd"]
[Result "1-0"]
[WhiteElo "2556"]
[BlackElo "2739"]
[TimeControl "180+1"]
[EndTime "14:57:33 PDT"]
[Termination "SHIVACalypso won on time"]

1. d4 d5 2. Nf3 e6 3. c4 Nf6 4. g3 c6 5. Bg2 dxc4 6. O-O b5 7. a4 Bb7 8. Ne5 a6 9. b3 cxb3 10. Qxb3 Qxd4 11. Bb2 Qb4 12. Qc2 Qc5 13. Qb3 Be7 14. Rc1 Qd6 15. axb5 axb5 16. Rxa8 Bxa8 17. Qa2 O-O 18.
Qxa8 Nbd7 19. Qa1 c5 20. Nc6 b4 21. Nxe7+ Qxe7 22. Nd2 Rc8 23. Qa6 Rb8 24. Nc4 Nd5 25.
Na5 Qf8 26. Nc6 Rb6 27. Qa7 Rxc6 28. Qxd7 Rc7 29. Qb5 Qc8 30. Bxd5 exd5 31. Bd4 b3 32. Rxc5 Rxc5 33. Bxc5 b2 34. Bd4 Qc1+ 35. Kg2 h6 36. Qxb2 1-0